 Dungeon Crawl Stone Soup version 0.22-a0-402-ga933591 (webtiles) character file.

51 erloom the Insei (level 3, 0/26 HPs)
             Began as a Demonspawn Transmuter on May 6, 2018.
             Slain by a ball python (1 damage)
             ... on level 2 of the Dungeon.
             The game lasted 00:02:58 (1701 turns).

erloom the Insei (Demonspawn Transmuter)            Turns: 1701, Time: 00:02:59

Health: 0/26       AC:  6    Str:  8 (10) XL:     3   Next: 58%
Magic:  6/6        EV:  5    Int: 14 (15) God:
Gold:   54         SH:  0    Dex: 12 (13) Spells: 5/6 levels left

rFire    + . .     SeeInvis .     - Unarmed
rCold    + . .     Gourm    .   (no shield)
rNeg     . . .     Faith    .   e - +0 scale mail
rPois    +         Spirit   .   (no helmet)
rElec    +         Reflect  .   (no cloak)
rCorr    +         Harm     .   (no gloves)
MR       .....                  (no boots)
Stlth    ..........             (no amulet)
HPRegen  0.08/turn              g - +1 ring of slaying
MPRegen  0.10/turn              (no ring)

@: lethally poisoned (0 -> -7), resistant, constricted
A: powered by pain 1
a: no special abilities


You were on level 2 of the Dungeon.
You were hungry.

You visited 1 branch of the dungeon, and saw 2 of its levels.

You collected 54 gold pieces.

Inventory:

Missiles
 a - 54 arrows
Armour
 b - a +0 robe
 e - a +0 scale mail (worn)
Jewellery
 g - a +1 ring of slaying (left hand)
Scrolls
 c - 2 scrolls of teleportation {unknown}
 i - 2 scrolls of identify {unknown}
 l - 2 scrolls of remove curse {unknown}
 m - a scroll of blinking {unknown}
Potions
 k - a potion of lignification {unknown}
Comestibles
 d - 6 rations
 n - 2 chunks of flesh


   Skills:
 - Level 1.0 Fighting
 - Level 1.7 Dodging
 + Level 4.2 Unarmed Combat
 - Level 2.0 Spellcasting
 - Level 1.7 Transmutations


You had 5 spell levels left.
You knew the following spells:

 Your Spells              Type           Power        Failure   Level  Hunger
a - Beastly Appendage     Tmut           #.....       75%         1    ##.....


Dungeon Overview and Level Annotations

Branches:
Dungeon (2/15)

Altars:


Innate Abilities, Weirdness & Mutations

You sometimes gain a little power by taking damage.


Message History

* * * LOW HITPOINT WARNING * * *
The ball python constricts you. The adder bites you but does no damage.
It was a potion of resistance.
You feel protected. The adder bites you but does no damage.
The ball python bites you but does no damage.
* * * LOW HITPOINT WARNING * * *
The ball python constricts you.
The hobgoblin hits you but does no damage.
Unknown command.
Unknown command.
Okay, then.
Okay, then.
Unknown command.
You closely miss the adder.
The adder is almost dead.
* * * LOW HITPOINT WARNING * * *
You feel sick. The adder bites you but does no damage.
The ball python bites you but does no damage.
You die...

##...##########.#
....#..#########.###
.....#.............#
.....####..........#
.....####..........#
...................#
......###.......(..#
..... ######...###
#.S@# #.gS# #..g#
......# ####...#
#...# #...# #...#
#...#


You could see an adder, a hobgoblin, a goblin and a ball python.

Vanquished Creatures
  3 adders (D:2)
  2 dart slugs
  A giant cockroach (D:2)
  2 goblins (D:2)
  4 hobgoblins
  A jackal (D:1)
  3 bats (D:1)
  2 frilled lizards (D:1)
  3 rats
21 creatures vanquished.

Notes
Turn   | Place    | Note
-------+----------+-------------------------------------------
     0 | D:1      | erloom the Demonspawn Transmuter began the quest for the Orb.
     0 | D:1      | Reached XP level 1. HP: 15/15 MP: 3/3
   195 | D:1      | Reached skill level 3 in Unarmed Combat
   561 | D:1      | Gained mutation: You sometimes gain a little power by taking damage. [demonic ancestry]
   561 | D:1      | Reached XP level 2. HP: 18/21 MP: 5/5
  1155 | D:2      | Reached skill level 4 in Unarmed Combat
  1155 | D:2      | Reached XP level 3. HP: 19/26 MP: 6/6
  1701 | D:2      | HP: 1/26 [poisoned by an adder]
  1701 | D:2      | Slain by a ball python

Vault maps used:
D:1:      lightli_iron_boxes, st_stairs_9
D:2:      lemuel_coloured_pillars_altar, zin_scriptorium

Skill      XL: |  1  2 |
---------------+-------+-----
Unarmed Combat | 3 4 |  4.2
Fighting       | |  1.0
Dodging        | |  1.7
Spellcasting   | |  2.0
Transmutations | |  1.7

Action                   || total
-------------------------++-------
Melee: Unarmed           ||   127
       Punch             ||     1
  Use: Potion            ||     3
  Eat: Chunk             ||     2
Armor: Scale mail        ||    76
       Robe              ||     2
Dodge: Dodged            ||    68

Table legend:
 A = Spawn XP
 B = Non-spawn XP
 C = Spawn XP percentage of total XP
 D = Spawn monster count
 E = Non-spawn monster count
 F = Spawn count percentage of total count
 G = Total turns spent on level
                    A         B        C        D         E        F      G
               +---------+---------+-------+---------+---------+-------+---------
         Total |       0 |      74 |   0.0 |       0 |      21 |   0.0 |  1701
               +---------+---------+-------+---------+---------+-------+---------
           D:1 |       0 |      20 |   0.0 |       0 |      12 |   0.0 |   895
           D:2 |       0 |      54 |   0.0 |       0 |       9 |   0.0 |   806
               +---------+---------+-------+---------+---------+-------+---------
